 Dungeon Crawl Stone Soup version 0.17-a0-946-g1856e96 (webtiles) character file.

37 FrankMcFuzz the Slasher (level 3, -5/32 HPs)
             Began as a Naga Gladiator on May 6, 2015.
             Slain by a gnoll
             ... wielding a +0 spear
              (8 damage)
             ... on level 2 of the Dungeon.
             The game lasted 00:05:32 (660 turns).

FrankMcFuzz the Slasher (Naga Gladiator)             Turns: 660, Time: 00:05:32

Health: -5/32      AC:  6    Str: 19    XL:     3   Next: 39%
Magic:  9/9        EV: 11    Int: 14    God:
Gold:   84         SH:  0    Dex: 12    Spells: 0 memorised, 2 levels left

rFire  . . .     SeeInvis +     j - +6 Majin-Bo {vamp, Archmagi MP+6 Int+6}
rCold  . . .     Clarity  .     e - +0 ring mail
rNeg   . . .     SustAb   .     (no shield)
rPois  +         Gourm    .     c - +0 helmet
rElec  .         Spirit   .     (no cloak)
rCorr  .         Warding  .     (no gloves)
rMut   .         Stasis   .     (no barding)
MR     .....                    (no amulet)
Stlth  +.........               (no ring)
                                (no ring)

@: very slow, not resistant to hostile enchantments, very unstealthy
A: repulsion field 1, slimy green scales 1, see invisible, deformed body, poison
resistance, slowness 2, slow metabolism 1, spit poison 2, strong 1, AC +1
a: Spit Poison


You were on level 2 of the Dungeon.
You were not hungry.

You visited 1 branch of the dungeon, and saw 2 of its levels.

You collected 84 gold pieces.

Inventory:

Hand weapons
 a - a +0 long sword
 j - the +6 Majin-Bo (weapon) {vamp, Archmagi MP+6 Int+6}
   (You found it on level 1 of the Dungeon)

   It inflicts no extra harm, but heals its wielder somewhat when it strikes a
   living foe.
   It affects your intelligence (+6).
   It affects your magic capacity (+6).
Missiles
 d - 3 throwing nets (quivered)
Armour
 b - a +0 leather armour
 c - a +0 helmet (worn)
 e - a +0 ring mail (worn)
Miscellaneous
 l - a plain deck of defence
Comestibles
 f - a meat ration


   Skills:
 + Level 2.1 Fighting
 + Level 3.3 Long Blades
 + Level 2.0 Throwing
 + Level 0.8 Armour
 + Level 2.9 Dodging


You had 2 spell levels left.
You didn't know any spells.

Dungeon Overview and Level Annotations

Branches:
Dungeon (2/15)

Altars:
Nemelex Xobeh


Innate Abilities, Weirdness & Mutations

You cannot wear boots.
Your serpentine skin is tough (AC +1).
You have supernaturally acute eyesight.
Armour fits poorly on your strangely shaped body.
Your system is resistant to poisons.
You cover ground very slowly.
You have a slow metabolism.
You can spit poison.
You are surrounded by a mild repulsion field (EV +2).
You are partially covered in slimy green scales (AC +2).
Your muscles are strong. (Str +2)


Message History

Read which item? (? for menu, Esc to quit)
As you read the scroll labeled GACYES SAUTE, it crumbles to dust.
You hear a loud clanging noise!
It was a scroll of noise.
You hear a shout! x5
The gnoll hits you.
* * * LOW HITPOINT WARNING * * *
The hobgoblin closely misses you. The gnoll hits you but does no damage.
The gnoll hits you from afar with a spear.
* * * LOW HITPOINT WARNING * * *
Read which item? (? for menu, Esc to quit)
As you read the scroll labeled UREIME USHRIE, it crumbles to dust.
The scroll dissolves into smoke.
It was a scroll of fog.
The gnoll hits you but does no damage. The gnoll completely misses you.
The hobgoblin hits you but does no damage.
The gnoll hits you but does no damage. The gnoll barely misses you.
The gnoll closely misses you. The hobgoblin barely misses you.
The gnoll hits you from afar with a spear!
You die...

. #.........###
....#............
#.#..............
................. #
#.............# ##.
#<.#..#....# . ....
#..........##...
...#
#§###...........
..##@#§.....†......
#.#gg§.†..........
###§gg§.........##.
#.§§§g§......####
...#.#..g.....#...#
.).....†......#...#
...........######.#
............# ..
.....#..##...#


You could see 3 gnolls and a hobgoblin.

Vanquished Creatures
  An ooze (D:1)
  A worm (D:2)
  3 giant cockroaches (D:1)
  3 hobgoblins (D:1)
  5 bats
  A giant gecko (D:1)
  3 giant newts (D:1)
  6 goblins (D:1)
  A kobold (D:1)
  A quokka (D:2)
  8 rats (D:1)
33 creatures vanquished.

Notes
Turn   | Place    | Note
--------------------------------------------------------------
     0 | D:1      | FrankMcFuzz, the Naga Gladiator, began the quest for the Orb.
     0 | D:1      | Reached XP level 1. HP: 19/19 MP: 1/1
   160 | D:1      | Reached XP level 2. HP: 26/26 MP: 2/2
   189 | D:1      | Found a sparkling altar of Nemelex Xobeh.
   272 | D:1      | Gained mutation: You are partially covered in slimy green scales (AC +2). [potion of mutation]
   272 | D:1      | Gained mutation: Your muscles are strong. (Str +2) [potion of mutation]
   272 | D:1      | Gained mutation: You are surrounded by a mild repulsion field (EV +2). [potion of mutation]
   506 | D:1      | Reached XP level 3. HP: 32/32 MP: 3/3
   660 | D:2      | Slain by a gnoll

Action                   || total
-------------------------++-------
Melee: Long sword        ||    21
       Quarterstaff      ||    62
  Use: Scroll            ||     5
       Potion            ||     3
  Eat: Bread ration      ||     1
